 Dungeon Crawl Stone Soup version 0.31-a0-174-g85c54bcb58 (webtiles) character file.

Game seed: 12286347677249010157

7870 dohliylev the Cleaver (level 11, -6/100 HPs)
             Began as a Minotaur Berserker on June 16, 2023.
             Was an Elder of Trog.
             Mangled by a queen bee (9 damage)
             ... on level 9 of the Dungeon.
             The game lasted 00:16:10 (8443 turns).

dohliylev the Cleaver (Minotaur Berserker)          Turns: 8443, Time: 00:16:12

Health: -6/100     AC: 15    Str: 26    XL:     11   Next: 2%
Magic:  0/10       EV: 10    Int:  4    God:    Trog [****..]
Gold:   516        SH: 10    Dex: 13    Spells: 10/10 levels left

rFire   . . .        F - +0 war axe
rCold   . . .        w - +0 kite shield
rNeg    . . .        e - +2 chain mail {Will+}
rPois   +            (helmet restricted)
rElec   .            a - +0 cloak
rCorr   .            (no gloves)
SInv    +            (no boots)
Will    +....        x - amulet of guardian spirit Stlth
                     f - ring of see invisible
HPRegen 0.36/turn    B - ring of the Tarantula {rPois Dex+3}
MPRegen 0.12/turn

%: guardian spirit
@: lethally poisoned (-6 -> -10), on berserk cooldown
A: horns 2, retaliatory headbutt
a: Renounce Religion, Berserk, Trog's Hand, Brothers in Arms


You were on level 9 of the Dungeon.
You worshipped Trog.
Trog was greatly pleased with you.
You visited 1 branch of the dungeon, and saw 9 of its levels.

You collected 516 gold pieces.

Inventory:

Hand Weapons
 F - a +0 war axe (weapon)
Missiles
 d - 4 javelins
 m - 5 silver boomerangs
Armour
 a - a +0 cloak (worn)
 e - a +2 chain mail of willpower (worn)
 w - a +0 kite shield (worn)
 J - +0 acid dragon scales
Jewellery
 f - a ring of see invisible (left hand)
 x - an amulet of guardian spirit (around neck)
 y - a ring of protection from cold
 B - the ring of the Tarantula (right hand) {rPois Dex+3}
   (You found it on level 4 of the Dungeon)

   [ring of poison resistance]

   Dex:       It affects your dexterity (+3).
   rPois:     It protects you from poison.
 D - a ring of positive energy
 I - a ring of protection from cold
Wands
 n - a wand of flame (18)
 u - a wand of mindburst (34)
 C - a wand of charming (10)
 G - a wand of digging (8)
 N - a wand of acid (5)
Scrolls
 b - 7 scrolls of identify {unknown}
 g - 2 scrolls of fog {unknown}
 k - 4 scrolls of poison {unknown}
 l - 4 scrolls of teleportation {unknown}
 o - a scroll of amnesia {unknown}
 r - a scroll of torment {unknown}
 s - 4 scrolls of revelation {unknown}
 v - a scroll of immolation {unknown}
 E - a scroll of enchant weapon {unknown}
 H - 2 scrolls of vulnerability {unknown}
Potions
 c - 4 potions of cancellation
 h - a potion of magic {unknown}
 i - 3 potions of brilliance {unknown}
 j - 2 potions of might {unknown}
 p - 2 potions of resistance {unknown}
 t - a potion of ambrosia {unknown}
 z - 5 potions of heal wounds {unknown}
 A - 2 potions of curing {unknown}
 K - a potion of berserk rage {unknown}
 L - 2 potions of degeneration {unknown}
Miscellaneous
 M - a box of beasts


   Skills:
 + Level 10.2 Fighting
 + Level 12.8 Axes
 + Level 10.2 Armour
 + Level 4.4 Dodging
 + Level 7.4 Shields


You had 10 spell levels left.
You didn't know any spells.
Your spell library was empty.

Dungeon Overview and Level Annotations

Branches:
Dungeon (9/15)             Temple (0/1) D:4             Orc (0/2) D:9
   Lair: D:8-11

Altars:
Elyvilon
Fedhas
Gozag
Makhleb
Qazlal
Yredelemnul
The Shining One

Shops:
D:4 *?

Portals:
Abyss: D:9

Annotations:
D:7 3 runed translucent doors, decrepitude's ghost, novice KoHs; senseless's ghost, novice DEEE
D:8 3 runed translucent doors, CoolSool's ghost, novice MfRe; bmj180's ghost, novice FoFi; qborf's ghost, novice DgCj
D:9 1 transporter, bmj180's ghost, novice DrFE


Innate Abilities, Weirdness & Mutations

You have a pair of horns on your head.
You reflexively headbutt those who attack you in melee.


Message History

The killer bee stings you.
* * * LOW HITPOINT WARNING * * *
The killer bee closely misses you.
Blink to where?
Press: ? - help, Dir - move target
As you read the scroll of blinking, it crumbles to dust.
Okay, then.
Blink to where?
Press: ? - help, Dir - move target
As you read the scroll of blinking, it crumbles to dust.
You feel the effects of Trog's Hand fading.
The killer bee rages.
You fail to use your ability.
The killer bee stings you.
* * * LOW HITPOINT WARNING * * *
You are poisoned.
The killer bee poisons you!
The killer bee stings you but does no damage.
You block the killer bee's attack.
You slice the killer bee!!
You kill the killer bee!
Trog accepts your kill.
You hit the killer bee.
You feel very sick. You block the killer bee's attack.
The killer bee closely misses you. The killer bee stings you.
* * * LOW HITPOINT WARNING * * *
The killer bee stings you but does no damage. x2
It was a potion of cancellation.
Your magical effects are unravelling.
You feel magically purged.
You feel yourself speed up.
Your skin stops crawling.
You feel less strong-willed.
* * * LOW HITPOINT WARNING * * *
You feel sick. The killer bee stings you.
* * * LOW HITPOINT WARNING * * *
You block the killer bee's attack. The killer bee barely misses you.
You furiously retaliate!
You headbutt the killer bee!
A killer bee comes into view.
The queen bee stings you!
You die...

########## #........#
#........# ##############
#........# #............#
#........# +............#
#.......)+ #............#
#........# #............+
#.......y####............#
#####+##y@................
#.†††..............
#....©......##.....
#...###....####....
#...#x##..##..####.
#...#9o#..#x.....##
+..##.##..##^...#.#
y..#..##...###...## .#.
.#.##....#?∩##.


You could see a queen bee, an orc warrior, a small abomination and 2 killer
bees.

Vanquished Creatures
  A two-headed ogre (D:9)
  Pikel (D:5)
  A hornet (D:7)
  Prince Ribbit (D:5)
  3 dream sheep (D:7)
  4 yaks (D:8)
  2 steam dragons
  Menkaure (D:5)
  An acid dragon (D:8)
  5 water moccasins
  4 black bears
  3 ice beasts
  2 orc warriors
  An ogre (D:6)
  4 centaurs
  2 phantoms
  A kobold brigand (D:9)
  2 bullfrogs
  5 scorpions
  8 wights
  30 killer bees
  A howler monkey (D:6)
  A crimson imp (D:8)
  2 hounds
  2 jellies (D:4)
  An orc priest (D:9)
  2 sleepcaps
  A gnoll bouda (D:7)
  Terence (D:2)
  3 orc wizards
  3 iguanas
  13 adders
  2 shadow imps
  3 white imps
  A worm (D:5)
  A dart slug (D:4)
  20 orcs
  16 ball pythons
  7 endoplasms
  6 giant cockroaches
  11 goblins
  12 hobgoblins
  6 jackals
  9 kobolds
  3 quokkas
  6 bats
  3 frilled lizards
  4 rats (D:2)
222 creatures vanquished.

Notes
Turn   | Place    | Note
-------+----------+-------------------------------------------
     0 | D:1      | dohliylev the Minotaur Berserker began the quest for the
                  | Orb.
     0 | D:1      | Reached XP level 1. HP: 19/19 MP: 0/0
   117 | D:1      | Reached XP level 2. HP: 27/27 MP: 1/1
   181 | D:1      | Reached skill level 4 in Axes
   196 | D:1      | Found a faded altar of an unknown god.
   742 | D:1      | Reached XP level 3. HP: 34/34 MP: 2/2
   812 | D:2      | Noticed Terence
   817 | D:2      | Killed Terence
   864 | D:2      | Reached ** piety under Trog
   977 | D:2      | Reached XP level 4. HP: 37/41 MP: 3/3
  1043 | D:2      | Reached skill level 5 in Fighting
  1587 | D:3      | Reached skill level 5 in Axes
  1693 | D:3      | Reached XP level 5. HP: 47/48 MP: 4/4
  2340 | D:4      | Reached *** piety under Trog
  2395 | D:4      | Found a staircase to the Ecumenical Temple.
  2417 | D:4      | Found Bemerum's Magic Scroll Boutique.
  2545 | D:4      | Found a glowing golden altar of the Shining One.
  2797 | D:4      | Reached XP level 6. HP: 57/57 MP: 5/5
  2835 | D:4      | Reached skill level 1 in Shields
  2845 | D:4      | Reached skill level 6 in Axes
  2947 | D:4      | Identified the +3 leather armour "Riamm" {Str+3}
  3361 | D:4      | Found Meeb's Mass Market.
  3386 | D:4      | Reached XP level 7. HP: 52/63 MP: 6/6
  3393 | D:4      | Identified the ring of the Tarantula {rPois Dex+3}
  3584 | D:4      | Found a white marble altar of Elyvilon.
  3627 | D:5      | Entered Level 5 of the Dungeon
  3630 | D:5      | Noticed Prince Ribbit
  3672 | D:5      | Killed Prince Ribbit
  3673 | D:5      | Reached skill level 7 in Axes
  3673 | D:5      | Reached skill level 5 in Armour
  3831 | D:5      | Noticed Menkaure
  3839 | D:5      | Killed Menkaure
  3841 | D:5      | Reached XP level 8. HP: 62/71 MP: 3/7
  4531 | D:5      | Noticed Pikel
  4544 | D:5      | Killed Pikel
  4545 | D:5      | Reached skill level 8 in Axes
  4632 | D:6      | Reached skill level 9 in Axes
  4728 | D:6      | Reached XP level 9. HP: 76/81 MP: 4/8
  5134 | D:6      | Found a stormy altar of Qazlal.
  5203 | D:6      | Found a basalt altar of Yredelemnul.
  5209 | D:6      | Found a blossoming altar of Fedhas.
  5679 | D:6      | Reached **** piety under Trog
  5701 | D:6      | Reached skill level 10 in Axes
  6033 | D:7      | Reached skill level 5 in Shields
  6189 | D:7      | Reached XP level 10. HP: 91/91 MP: 9/9
  6360 | D:7      | Found a runed translucent gate.
  6361 | D:7      | Found a runed translucent gate.
  6361 | D:7      | Found a runed translucent gate.
  6368 | D:7      | Noticed decrepitude's ghost (novice KoHs)
  6369 | D:7      | Noticed senseless's ghost (novice DEEE)
  6445 | D:7      | Reached skill level 11 in Axes
  7296 | D:8      | Found a burning altar of Makhleb.
  8050 | D:8      | Found a runed translucent gate.
  8050 | D:8      | Found a runed translucent gate.
  8051 | D:8      | Found a runed translucent gate.
  8052 | D:8      | Noticed CoolSool's ghost (novice MfRe)
  8052 | D:8      | Noticed bmj180's ghost (novice FoFi)
  8052 | D:8      | Noticed qborf's ghost (novice DgCj)
  8139 | D:9      | Found a staircase to the Orcish Mines.
  8194 | D:9      | Reached skill level 12 in Axes
  8196 | D:9      | Found an opulent altar of Gozag.
  8197 | D:9      | Noticed a two-headed ogre
  8205 | D:9      | Killed a two-headed ogre
  8372 | D:9      | Found a transporter.
  8376 | D:9      | Found a one-way gate to the infinite horrors of the Abyss.
  8376 | D:9      | Noticed bmj180's ghost (novice DrFE)
  8387 | D:9      | Noticed a wizard
  8390 | D:9      | Noticed a toenail golem
  8400 | D:9      | Reached skill level 10 in Fighting
  8400 | D:9      | Reached skill level 10 in Armour
  8423 | D:9      | Reached XP level 11. HP: 34/100 MP: 4/10
  8443 | D:9      | HP: 5/100 [poisoned by a killer bee]
  8443 | D:9      | Mangled by a queen bee

Illustrated notes

Levels and vault maps discovered:
D:1:      amcnicky_arrival_double_pillar, layout_basic,
          chequers_ecumenical_altar_simple_redux
D:2:      minmay_razor_zed, layout_rooms, serial_forest,
          infiniplex_forest_clump_curved, infiniplex_forest_end_2,
          infiniplex_forest_clump_C, infiniplex_forest_zigzag_1,
          infiniplex_forest_corner_1, infiniplex_forest_corner_1, uniq_terence
D:3:      layout_loops_ring, nicolae_half_adder
D:4:      minmay_clustersquares, layout_cave_pods,
          lemuel_coloured_pillars_altar, nicolae_tso_carved_into_rock,
          minmay_temple_entry_large_hall, serial_shops, nicolae_diamond_shop,
          minmay_misc_feat_rows, minmay_shop_mass, guppyfry_early_lair_pool
D:5:      layout_loops_ring, grunt_ministairs_6, uniq_prince_ribbit1,
          uniq_pikel, uniq_menkaure
D:6:      minmay_skewed_foursquare, layout_loops_corners,
          grunt_temple_overflow_forces_of_nature, overflow_temple_1_default
D:7:      layout_basic, gammafunk_ghost_cemetery, dreamdust_gnoll_shepherd
D:8:      layout_gridville, mainiacjoe_overflow_paths, gammafunk_ghost_cemetery,
          minmay_fire_ice_demons
D:9:      layout_roguey [special_room_bee], nicolae_gozag_seed_capital,
          lightli_temple_of_fire, orc_0_dummy, gammafunk_ghost_abyssal_escape,
          minmay_circle_x

Skill      XL: |  1  2  3  4  5  6  7  8  9 10 |
---------------+-------------------------------+-----
Fighting       | 4 5 6 8 9 10 | 10.2
Axes           | 4 5 6 7 9 10 12 | 12.8
Armour         | 3 4 5 7 8 10 | 10.2
Dodging        | 3 4 |  4.4
Shields        | 1 2 3 5 7 |  7.4

Action                     |  1- 3 |  4- 6 |  7- 9 | 10-12 || total
---------------------------+-------+-------+-------+-------++-------
  Melee: Hand axe          |    69 |   149 |   124 |       ||   342
         Headbutt          |     7 |    21 |    40 |    28 ||    96
         Punch             |     1 |       |       |       ||     1
         War axe           |       |       |    71 |   135 ||   206
 Invoke: Berserk           |     1 |     2 |     6 |     4 ||    13
         Trog's Hand       |       |       |     3 |     2 ||     5
    Use: Scroll            |       |       |       |     3 ||     3
         Potion            |       |       |       |     1 ||     1
 Armour: Animal skin       |     6 |       |       |       ||     6
         Ring mail         |    18 |    53 |       |       ||    71
         Leather armour    |       |     2 |       |       ||     2
         Chain mail        |       |       |    72 |    79 ||   151
  Dodge: Dodged            |    43 |    96 |    66 |    77 ||   282
  Block: Kite shield       |       |    28 |    74 |   101 ||   203

Table legend: (Time is in decaauts)
 A = Elapsed time spent in this place.
 B = Non-inter-level travel time spent in this place.
 C = Inter-level travel time spent in this place.
 D = Time resting spent in this place.
 E = Time spent auto-exploring this place.
 F = Levels seen in this place.
 G = Mean time per level.
                   A        B        C        D        E       F      G
               +--------+--------+--------+--------+--------+-----+--------+
         Total |   8582 |   8288 |    294 |   1098 |   5579 |   9 |  953.6 |
       Dungeon |   8582 |   8288 |    294 |   1098 |   5579 |   9 |  953.6 |
               +--------+--------+--------+--------+--------+-----+--------+

Top non-repeatable levels by time:
     D:4: 1367 daAuts
     D:6: 1216 daAuts
     D:7: 1178 daAuts
     D:5: 1050 daAuts
     D:8: 1002 daAuts
     D:3: 827 daAuts
     D:2: 803 daAuts
     D:1: 783 daAuts
     D:9: 352 daAuts
